 Dungeon Crawl Stone Soup version 0.20.1-1-g8b1a95d (webtiles) character file.

1033 KoningWillie the Covered (level 8, -15/68 HPs)
             Began as a Minotaur Fighter on Sept 24, 2017.
             Demolished by an orc warrior
             ... wielding a +0 halberd
              (17 damage)
             ... on level 7 of the Dungeon.
             The game lasted 00:05:38 (6934 turns).

KoningWillie the Covered (Minotaur Fighter)         Turns: 6934, Time: 00:05:39

Health: -15/68     AC:  8    Str: 23    XL:     8   Next: 3%
Magic:  7/7        EV:  9    Int:  5    God:
Gold:   279        SH: 10    Dex: 10    Spells: 7/7 levels left

rFire    . . .     SeeInvis .   a - +0 long sword
rCold    . . .     Gourm    .   c - +0 shield
rNeg     . . .     Faith    .   b - +1 scale mail
rPois    .         Spirit   .   (helmet restricted)
rElec    .         Reflect  .   (no cloak)
rCorr    .         Harm     .   (no gloves)
MR       .....                  (no boots)
Stlth    ..........             (no amulet)
Regen    0.3/turn               (no ring)
MPRegen  0.1/turn               (no ring)

@: no status effects
A: retaliatory headbutt, horns 2
a: no special abilities


You were on level 7 of the Dungeon.
You were not hungry.

You visited 1 branch of the dungeon, and saw 7 of its levels.

You collected 279 gold pieces.

Inventory:

Hand Weapons
 a - a +0 long sword (weapon)
Armour
 b - a +1 scale mail (worn)
 c - a +0 shield (worn)
 m - a +0 naga barding
Jewellery
 k - an uncursed amulet of faith
 q - an uncursed ring of protection from fire
Wands
 n - a wand of digging (19/24)
 o - a wand of digging (5/24)
Scrolls
 f - a scroll of enchant armour
 g - 4 scrolls of identify
 h - 3 scrolls of teleportation
 i - a scroll of enchant weapon {unknown}
 j - a scroll of remove curse
Potions
 d - 2 potions of might
 e - 4 potions of curing
 l - a potion of flight
 p - a potion of cancellation
 r - a potion of haste
 t - a potion of lignification
Books
 s - a book of Minor Magic

   Spells                             Type                      Level
   a - Magic Dart                     Conjuration                  1
   b - Blink                          Translocation                2
   c - Call Imp                       Summoning                    2
   d - Slow                           Hexes                        2
   e - Conjure Flame                  Conjuration/Fire             3
   f - Mephitic Cloud                 Conjuration/Poison/Air       3


   Skills:
 + Level 5.2 Fighting
 + Level 6.4 Long Blades
 + Level 6.6 Armour
 + Level 2.0 Dodging
 + Level 1.2 Stealth
 + Level 6.6 Shields


You had 7 spell levels left.
You didn't know any spells.

Dungeon Overview and Level Annotations

Branches:
Dungeon (7/15)             Temple (0/1) D:4

Altars:
Dithmenos
Hepliaklqana
Qazlal

Annotations:
D:6 Pikel


Innate Abilities, Weirdness & Mutations

You reflexively headbutt those who attack you in melee.
You have a pair of horns on your head.


Message History

You barely miss the orc. You block the orc warrior's attack.
The orc completely misses you.
Your shield and scale mail prevent you from hitting the orc.
You block the orc's attack.
The orc warrior hits you from afar with a halberd!
The orc hits you.
You hit the orc. You headbutt the orc.
You kill the orc!
You block the orc warrior's attack.
An ogre comes into view. It is wielding a giant spiked club.
The ogre shouts!
The orc warrior hits you with a halberd!!
* * * LOW HITPOINT WARNING * * *
The orc wizard gestures wildly while chanting.
The orc wizard blinks!
Items here: )) [ †† a ring mail; a hand axe; a dagger; an orc corpse x2
Unknown command.
The orc warrior hits you from afar with a halberd!
You die...

#.#.....##.## ..
#.#.##.###.## #. #....#.#
#.## ##.## #......# #... #
...# ##.).### ##.# .## .O#
#...######.# ...
#.#######........#..
#.##.##.............#.#
.o.##.†.o[@..............##
#.......##......>......#.#
#####.#.#######...####.##.
#o##..# #..... ..# . #.#
..#.# #...###### ... .#.##
#.###.# ### .. # #. .# #.


You could see an orc warrior and an orc wizard.

Vanquished Creatures
  3 ogres
  2 centaurs
  A bullfrog (D:5)
  A howler monkey (D:7)
  A crimson imp (D:5)
  2 jellies
  2 hounds (D:5)
  An orc priest (D:4)
  2 orc wizards (D:4)
  An iguana (D:5)
  A worker ant (D:4)
  3 gnolls (D:4)
  7 adders
  2 adder zombies (D:5)
  5 worms
  6 dart slugs
  6 leopard geckos
  11 orcs
  4 giant cockroaches
  4 goblins
  12 hobgoblins
  4 jackals
  4 quokkas
  6 bats
  7 frilled lizards
  7 kobolds
  10 rats
115 creatures vanquished.

Notes
Turn   | Place    | Note
-------+----------+-------------------------------------------
     0 | D:1      | KoningWillie the Minotaur Fighter began the quest for the Orb.
     0 | D:1      | Reached XP level 1. HP: 19/19 MP: 0/0
   137 | D:1      | Reached XP level 2. HP: 20/27 MP: 1/1
  1138 | D:1      | Reached XP level 3. HP: 33/33 MP: 2/2
  2023 | D:2      | Reached XP level 4. HP: 40/40 MP: 3/3
  2233 | D:2      | Found a faded altar of an unknown god.
  4009 | D:3      | Noticed a centaur
  4028 | D:3      | Killed a centaur
  4028 | D:3      | Reached skill level 5 in Armour
  4028 | D:3      | Reached XP level 5. HP: 14/46 MP: 4/4
  4094 | D:3      | You fall through a shaft!
  4162 | D:4      | Reached skill level 1 in Stealth
  4167 | D:4      | Reached XP level 6. HP: 30/52 MP: 5/5
  4248 | D:4      | Found a stormy altar of Qazlal.
  4248 | D:4      | Found a shadowy altar of Dithmenos.
  4286 | D:4      | Reached skill level 5 in Long Blades
  4286 | D:4      | Reached skill level 1 in Dodging
  4286 | D:4      | Reached skill level 5 in Shields
  4352 | D:4      | Found a staircase to the Ecumenical Temple.
  5107 | D:5      | Entered Level 5 of the Dungeon
  5371 | D:5      | Reached XP level 7. HP: 37/60 MP: 6/6
  6035 | D:5      | Reached skill level 5 in Fighting
  6302 | D:5      | Found a hazy altar of Hepliaklqana.
  6654 | D:6      | Noticed Pikel
  6917 | D:7      | Reached XP level 8. HP: 64/68 MP: 7/7
  6933 | D:7      | HP: 2/68 [orc warrior/halberd (25)]
  6934 | D:7      | Demolished by an orc warrior

Skill      XL: |  1  2  3  4  5  6  7 |
---------------+----------------------+-----
Shields        | 4 5 6 |  6.6
Armour         | 4 5 6 |  6.6
Long Blades    | 3 4 5 6 |  6.4
Fighting       | 4 5 |  5.2
Stealth        | 1 |  1.2
Dodging        | 1 2 |  2.0

Action                   |  1- 3 |  4- 6 |  7- 9 || total
-------------------------+-------+-------+-------++-------
Melee: Long sword        |    79 |   145 |    78 ||   302
       Headbutt          |    13 |    27 |    16 ||    56
  Use: Scroll            |       |       |    10 ||    10
       Potion            |       |       |     1 ||     1
  Eat: Bread ration      |     1 |     2 |     1 ||     4
       Royal jelly       |       |     1 |       ||     1
Armor: Scale mail        |    33 |    62 |    29 ||   124
Dodge: Dodged            |    28 |    41 |    19 ||    88
Block: Shield            |    32 |    74 |    61 ||   167
       Rpst.: Long sword |     8 |    11 |     7 ||    26
